 Dungeon Crawl Stone Soup version 0.29-a0-284-gf9362112df (console) character file.

Game seed: 4884438771332743577

12020 petzl the Thaumaturge (level 12, -7/89 (98) HPs)
             Began as a Formicid Arcane Marksman on Mar 19, 2022.
             Was a Follower of Vehumet.
             Killed from afar by a manticore (19 damage)
             ... with a volley of spikes
             ... on level 14 of the Dungeon.
             The game lasted 00:48:23 (8751 turns).

petzl the Thaumaturge (Formicid Arcane Marksman)    Turns: 8751, Time: 00:48:23

HP:   -7/89 (98)    AC:  8    Str: 15    XL:     12   Next: 15%
MP:   27/28         EV: 16    Int: 18    God:    Vehumet [*.....]
Gold: 226           SH:  0    Dex: 11    Spells: 25/35 levels left

rFire   . . .      SeeInvis +   b - +1 hand crossbow (elec)
rCold   . . .      Faith    .   (no shield)
rNeg    . . .      Spirit   .   L - +0 leather armour
rPois   .          Reflect  .   (helmet unavailable)
rElec   .          Harm     .   t - +0 cloak
rCorr   .          Rampage  .   (no gloves)
Will    +....                   (no boots)
Stlth   ++........              (no amulet)
HPRegen 0.24/turn               d - +4 ring of evasion
MPRegen 0.21/turn               w - +4 ring of protection

@: spiked, drained
A: permanent stasis, dig shafts and tunnels, antennae 3, four strong arms
a: Dig, Shaft Self, Renounce Religion


You were on level 14 of the Dungeon.
You worshipped Vehumet.
Vehumet was aware of your devotion.
You visited 2 branches of the dungeon, and saw 12 of its levels.

You collected 346 gold pieces.
You spent 120 gold pieces at shops.

Inventory:

Hand Weapons
 a - a +1 spectral quarterstaff
 b - a +1 hand crossbow of electrocution (weapon)
 l - the +5 dagger of Fixation {drain, rCorr Dex+4, !f =f}
   (You found it on level 4 of the Dungeon)

   A truly terrible weapon, it drains the life of any living foe it strikes.
   Dex:       It affects your dexterity (+4).
   rCorr:     It protects you from acid and corrosion.
 v - a +0 dagger of venom {!f =f}
 E - the +10 dagger of the Vendetta {holy, Int+3 SInv, !f =f}
   (You found it on level 4 of the Dungeon)

   It has been blessed by the Shining One to cause great damage to the undead
   and demons.
   Int:       It affects your intelligence (+3).
   SInv:      It lets you see invisible.
Missiles
 j - 8 poisoned darts
 y - 3 atropa-tipped darts
Armour
 k - a +0 robe
 t - a +0 cloak (worn)
 z - a +1 pair of gloves
 L - a +0 leather armour (worn)
Magical Staves
 M - a staff of conjuration
Jewellery
 d - a +4 ring of evasion (left hand)
 h - a ring of flight
 i - a ring of fire
 p - a ring of ice
 q - a ring of positive energy
 s - a +4 ring of evasion
 w - a +4 ring of protection (right hand)
Wands
 x - a wand of digging (8)
 B - a wand of flame (33)
 C - a wand of polymorph (12)
 K - a wand of iceblast (12)
Scrolls
 c - 4 scrolls of vulnerability
 e - 2 scrolls of holy word
 f - a scroll of fog
 r - 4 scrolls of immolation
 F - a scroll of silence
Potions
 g - 2 potions of curing {unknown}
 m - 2 potions of might {unknown}
 n - a potion of attraction {unknown}
 o - a potion of haste
 u - 2 potions of flight {unknown}
 A - 2 potions of heal wounds
 G - a potion of resistance {unknown}
 H - a potion of degeneration {unknown}
 J - 2 potions of berserk rage {unknown}


   Skills:
 + Level 10.3 Fighting
 + Level 2.1 Staves
 - Level 3.2 Crossbows
 - Level 2.4 Armour
 - Level 2.9 Dodging
 - Level 3.2 Stealth
 - Level 12.3 Spellcasting
 * Level 7.0 Conjurations
 - Level 3.6 Hexes
 + Level 3.0 Fire Magic
 + Level 2.1 Ice Magic
 - Level 3.4 Air Magic
 + Level 2.4 Evocations


You had 25 spell levels left.
You knew the following spells:

 Your Spells              Type           Power      Damage    Failure   Level
a - Slow                  Hex            96%        N/A       1%          1
b - Lightning Bolt        Conj/Air       15%        1d29      24%         5
c - Foxfire               Conj/Fire      100%       2x1d9     1%          1
A - Ozocubu's Armour      Ice            19%        N/A       10%         3

Your spell library contained the following spells:

 Spells                   Type           Power      Damage    Failure   Level
 Static Discharge         Conj/Air       30%        N/A       1%          2
 Inner Flame              Hex/Fire       23%        N/A       6%          3
 Beastly Appendage        Tmut           22%        N/A       8%          1
 Portal Projectile        Hex/Tloc       34%        N/A       11%         3
 Wereblood                Tmut           11%        N/A       12%         2
 Cause Fear               Hex            12%        N/A       17%         4
 Call Canine Familiar     Summ           11%        N/A       22%         3
 Spider Form              Tmut/Pois      11%        N/A       22%         3
 Leda's Liquefaction      Hex/Erth       8%         N/A       36%         4
 Metabolic Englaciation   Hex/Ice        10%        N/A       54%         5
 Petrify                  Tmut/Erth      11%        N/A       58%         4
 Statue Form              Tmut/Erth      7%         N/A       100%        6
 Ozocubu's Refrigeration  Ice            9%         4d6       100%        7
 Maxwell's Capacitive Co  Air            11%        ∞         100%        8


Dungeon Overview and Level Annotations

Branches:
Dungeon (12/15)            Temple (1/1) D:6
   Lair: D:8-11         Orc: D:9-12

Altars:
Ashenzari
Dithmenos
Elyvilon
Gozag
Kikubaaqudgha
Makhleb
Nemelex Xobeh
Sif Muna
Trog
Uskayaw
Vehumet
Wu Jian
Yredelemnul
Zin
The Shining One

Shops:
D:2 ?   D:7 [

Annotations:
D:5 exclusion: upstairs
D:6 exclusions: 2 bullfrogs and steam dragon
D:10 Sonja


Innate Abilities, Weirdness & Mutations

You cannot be hasted, slowed, berserked, paralysed or teleported.
You can dig through walls and to a lower floor.
You have a pair of large antennae on your head. (SInv)
Your four strong arms can wield two-handed weapons with a shield.


Message History

A shaft appears beneath you!
You fall into a shaft and drop 2 floors!
The shaft crumbles and collapses.
Casting: Slow (safe; 1% risk of failure)
Confirm with . or Enter, or press ? or * to list all spells.
Aiming: Slow (safe; 1% risk of failure)
Press: ? - help, Shift-Dir - straight line, f - manticore
Aim: a manticore (chance to affect: 47%)
The manticore resists with some effort.
The manticore flicks its tail.
The volley of spikes hits you!
The barbed spikes become lodged in your body.
You hear a shout!
Casting: Slow (safe; 1% risk of failure)
Confirm with . or Enter, or press ? or * to list all spells.
Aiming: Slow (safe; 1% risk of failure)
Press: ? - help, Shift-Dir - straight line, f/p - manticore
Aim: a manticore (chance to affect: 47%)
Okay, then.
Unknown command.
You retract your mandibles.
You extend your mandibles.
The barbs in your skin will harm you if you move.
Continue?
You dig through the rock wall.
You feel drained.
A centaur warrior comes into view.
Found a scroll labelled CIFUSH TOPA.
The barbed spikes dig painfully into your body as you move.
The centaur warrior shouts!
A vault guard comes into view. It is wielding a +0 great mace.
The manticore flicks its tail.
The volley of spikes misses you.
The centaur warrior wields a +0 longbow.
The centaur warrior shoots an arrow.
The arrow hits you!!
Are you sure you want to shaft yourself?
The centaur warrior shoots an arrow.
The arrow hits you!!
* * * LOW HITPOINT WARNING * * *
The manticore flicks its tail.
The volley of spikes hits you!!
The barbed spikes become lodged in your body.
You die...

{{ #
##
#.#.#
#?#.##
#.#p#
#.@#
#.#.#
#H#c##
#.#.#
#.#.#
####


You could see a vault guard, a centaur warrior and a manticore.

Vanquished Creatures
  Sigmund (D:2)
  A wraith (D:10)
  A water moccasin (D:6)
  2 ice beasts (D:7)
  2 sky beasts
  An orc warrior (D:7)
  3 ogres
  3 phantoms (D:5)
  Blork the orc (D:4)
  4 necrophages
  4 scorpions
  5 killer bees (D:11)
  2 howler monkeys (D:7)
  5 hounds
  A jelly (D:5)
  A gnoll shaman (D:5)
  2 orc priests (D:5)
  Natasha (thrice) (D:2 D:1)
  6 iguanas
  5 orc wizards
  7 gnolls
  14 adders
  A shadow imp (D:7)
  4 white imps
  An ufetubus (D:5)
  A worm (D:2)
  19 orcs
  3 bats (D:2)
  5 endoplasms
  5 giant cockroaches
  8 goblins
  4 hobgoblins
  4 jackals
  6 quokkas
  6 ball pythons
  8 frilled lizards
  4 kobolds
  7 rats
  2 rat zombies (D:6)
162 creatures vanquished.

Vanquished Creatures (others)
  6 fungi (D:5)
6 creatures vanquished.

Grand Total: 168 creatures vanquished

Notes
Turn   | Place    | Note
-------+----------+-------------------------------------------
     0 | D:1      | petzl the Formicid Arcane Marksman began the quest for the
                  | Orb.
     0 | D:1      | Reached XP level 1. HP: 15/15 MP: 2/2
   486 | D:1      | You fall into a shaft and drop 1 floor!
   500 | D:2      | Reached XP level 2. HP: 6/21 MP: 3/3
   737 | D:2      | Noticed Natasha
   746 | D:2      | Killed Natasha
   747 | D:2      | Reached skill level 1 in Armour
   747 | D:2      | Reached skill level 1 in Stealth
   747 | D:2      | Reached XP level 3. HP: 17/27 MP: 2/5
   857 | D:2      | Noticed Sigmund
   911 | D:2      | Noticed Natasha
  1247 | D:1      | Reached XP level 4. HP: 33/33 MP: 6/6
  1967 | D:2      | Found Rahef's Magic Scroll Emporium.
  1971 | D:2      | Reached XP level 5. HP: 38/38 MP: 7/7
  1995 | D:1      | Killed Natasha
  1996 | D:1      | Reached skill level 2 in Spellcasting
  2101 | D:1      | Noticed Natasha
  2106 | D:1      | Killed Natasha
  2225 | D:2      | Bought a scroll of identify for 24 gold pieces
  2442 | D:2      | Found a faded altar of an unknown god.
  2676 | D:2      | Bought a scroll of identify for 24 gold pieces
  3005 | D:3      | Reached XP level 6. HP: 46/46 MP: 7/9
  3376 | D:4      | Noticed Blork the orc
  3446 | D:3      | You fall into a shaft and drop 2 floors!
  3446 | D:5      | Entered Level 5 of the Dungeon
  3446 | D:5      | Noticed an ogre
  3461 | D:5      | You fall into a shaft and drop 1 floor!
  3642 | D:6      | Learned a level 5 spell: Lightning Bolt
  3696 | D:6      | Noticed an ogre
  3733 | D:6      | Noticed a water moccasin
  3781 | D:6      | Noticed a steam dragon
  3917 | D:7      | Reached XP level 7. HP: 51/51 MP: 9/11
  3964 | D:7      | Reached skill level 1 in Conjurations
  4013 | D:7      | Found Feosm's Antique Armour Shop.
  4144 | D:7      | Reached skill level 3 in Spellcasting
  4144 | D:7      | Reached skill level 1 in Air Magic
  4279 | D:7      | Found a glowing golden altar of the Shining One.
  4355 | D:7      | Reached XP level 8. HP: 51/57 MP: 10/13
  4380 | D:6      | Found a sparkling altar of Nemelex Xobeh.
  4511 | D:6      | Found a staircase to the Ecumenical Temple.
  4527 | D:6      | Reached skill level 4 in Spellcasting
  4593 | Temple   | Entered the Ecumenical Temple
  4655 | Temple   | Became a worshipper of Vehumet
  4724 | D:6      | Found a shadowy altar of Dithmenos.
  5186 | D:5      | Found an opulent altar of Gozag.
  5431 | D:5      | Reached skill level 5 in Conjurations
  5433 | D:5      | Reached XP level 9. HP: 51/62 MP: 14/16
  5612 | D:5      | Reached skill level 5 in Spellcasting
  5760 | D:4      | Found a bloodstained altar of Trog.
  5769 | D:4      | Reached * piety under Vehumet
  5769 | D:4      | Offered knowledge of Foxfire by Vehumet.
  5772 | D:4      | Learned a level 1 spell: Foxfire
  5894 | D:4      | Identified the +10 dagger of the Vendetta {holy, Int+3
                  | SInv}
  6244 | D:4      | Killed Blork the orc
  6245 | D:4      | Reached skill level 1 in Fire Magic
  6918 | D:2      | Killed Sigmund
  6972 | D:2      | Bought a scroll of identify for 24 gold pieces
  6972 | D:2      | Bought a scroll of identify for 24 gold pieces
  6972 | D:2      | Bought a scroll of identify for 24 gold pieces
  7029 | D:4      | Identified the +5 dagger of Fixation {drain, rCorr Dex+4}
  7144 | D:5      | Learned a level 3 spell: Ozocubu's Armour
  7266 | D:5      | Reached skill level 1 in Staves
  7266 | D:5      | Reached skill level 1 in Evocations
  7320 | D:5      | Reached skill level 1 in Ice Magic
  8107 | D:7      | Reached XP level 10. HP: 46/69 MP: 18/18
  8255 | D:7      | Noticed an ice devil
  8269 | D:7      | You fall into a shaft and drop 3 floors!
  8269 | D:10     | Entered Level 10 of the Dungeon
  8390 | D:10     | Noticed Sonja
  8543 | D:11     | Reached skill level 6 in Spellcasting
  8622 | D:10     | Reached skill level 12 in Spellcasting
  8622 | D:10     | Reached XP level 11. HP: 75/75 MP: 19/27
  8623 | D:10     | Reached skill level 10 in Fighting
  8623 | D:10     | Reached XP level 12. HP: 98/98 MP: 19/28
  8676 | D:10     | Noticed a two-headed ogre
  8686 | D:10     | You fall into a shaft and drop 2 floors!
  8748 | D:12     | You fall into a shaft and drop 2 floors!
  8750 | D:14     | Noticed a centaur warrior
  8750 | D:14     | Noticed a vault guard
  8751 | D:14     | Killed from afar by a manticore

Illustrated notes

Levels and vault maps discovered:
D:1:      saegor_arrival_simple_b, layout_basic
D:2:      layout_rooms, shapermc_ecumenical_altar_mp_highgroup, serial_shops,
          nicolae_diamond_shop, uniq_natasha, uniq_sigmund
D:3:      layout_loops_ring, minmay_misc_feat_pillars, chequers_arboretum
D:4:      layout_cave_pods, mainiacjoe_overflow_tiny_flanked, uniq_blork_the_orc
D:5:      minmay_chambers_of_threes, layout_rooms,
          nicolae_gozag_cash_rules_everything_around_me,
          dreamdust_mushroom_princess
D:6:      kennysheep_spiral_hall, layout_loops_corners, kennysheep_little_box,
          nicolae_dithmenos_shadow_blocks, minmay_temple_entry_trees,
          enter_ossuary_4
D:7:      layout_basic, mainiacjoe_overflow_chevrons, serial_shops,
          nicolae_lakefront_shop, hellmonk_guarded_unrand_frostbite
D:10:     layout_cave_pods, grunt_qazlal_sundering, uniq_sonja
D:11:     minmay_angry_zag, layout_irregular_city
D:12:     minmay_dotted_concentric_squares, layout_long_grid, special_room
          [special_room_orc], hangedman_misty_isle
D:14:     layout_roguey, david_vaults_5, nicolae_twisting_strands
Temple:   nicolae_temple_god_jail

Skill      XL: |  1  2  3  4  5  6  7  8  9 10 11 |
---------------+----------------------------------+-----
Armour         | 1 2 |  2.4
Dodging        | 2 |  2.9
Stealth        | 1 2 3 |  3.2
Fighting       | 2 3 10 | 10.3
Spellcasting   | 2 3 4 5 12 | 12.3
Crossbows      | 3 |  3.2
Conjurations   | 3 5 6 7 |  7.0
Air Magic      | 2 3 |  3.4
Fire Magic     | 2 3 |  3.0
Staves         | 1 2 |  2.1
Evocations     | 2 |  2.4
Ice Magic      | 1 2 |  2.1
Hexes          | |  3.6

Action                   |  1- 3 |  4- 6 |  7- 9 | 10-12 || total
-------------------------+-------+-------+-------+-------++-------
Melee: Quarterstaff      |       |    61 |   138 |     5 ||   204
       Punch             |       |       |     3 |     1 ||     4
 Fire: Hand crossbow     |    73 |   110 |   141 |    11 ||   335
Throw: Dart              |       |       |     9 |       ||     9
 Cast: Slow              |     2 |    34 |    65 |     5 ||   106
 Abil: Shaft Self        |     1 |     1 |       |     4 ||     6
       Dig               |       |       |     1 |     3 ||     4
Evoke: Wand              |       |       |       |     4 ||     4
  Use: Scroll            |       |     2 |     8 |     2 ||    12
       Potion            |       |       |       |     2 ||     2
 Stab: Distracted        |       |       |     1 |       ||     1
Armor: Robe              |     7 |     4 |    19 |       ||    30
       Leather armour    |       |       |     6 |     5 ||    11
Dodge: Dodged            |    51 |    74 |    90 |     7 ||   222

Table legend: (Time is in decaauts)
 A = Elapsed time spent in this place.
 B = Non-inter-level travel time spent in this place.
 C = Inter-level travel time spent in this place.
 D = Time resting spent in this place.
 E = Time spent auto-exploring this place.
 F = Levels seen in this place.
 G = Mean time per level.
                   A        B        C        D        E       F      G
               +--------+--------+--------+--------+--------+-----+--------+
         Total |   8892 |   8305 |    587 |   1878 |   3747 |  12 |  741.0 |
       Dungeon |   8820 |   8242 |    578 |   1878 |   3707 |  11 |  801.8 |
        Temple |     71 |     62 |      9 |      0 |     40 |   1 |   71.0 |
               +--------+--------+--------+--------+--------+-----+--------+

Top non-repeatable levels by time:
     D:6: 1724 daAuts
     D:1: 1494 daAuts
     D:2: 1401 daAuts
     D:3: 1176 daAuts
     D:5: 1012 daAuts
     D:4: 822 daAuts
     D:7: 705 daAuts
    D:10: 311 daAuts
    D:11: 108 daAuts
  Temple: 71 daAuts
    D:12: 61 daAuts
    D:14: 2 daAuts
